 Dungeon Crawl Stone Soup version 0.18.1-48-g4cf74bf (webtiles) character file.

82643 tyranidshit the Warrior (level 15, -4/160 HPs)
             Began as a Deep Dwarf Necromancer on July 20, 2016.
             Was the Champion of Makhleb.
             Slain by an ettin
             ... wielding a +0 dire flail
              (12 damage)
             ... on level 2 of the Orcish Mines.
             The game lasted 01:31:39 (17406 turns).

tyranidshit the Warrior (Deep Dwarf Necromancer)   Turns: 17406, Time: 01:31:40

Health: -4/160     AC: 20    Str: 30    XL:     15   Next: 30%
Magic:  20/20      EV: 16    Int: 15    God:    Makhleb [******]
Gold:   1925       SH:  8    Dex: 17    Spells: 1 memorised, 16 levels left

rFire  . . .     SeeInvis .     K - +4 war axe of the Spider {venom, +Inv rN+ Str+6 Stlth-}
rCold  + + .     Gourm    .     d - +6 scale mail "Fulyu" {rC++ Dex-2 Slay+5}
rNeg   + + .     Faith    .     L - +2 buckler
rPois  +         Spirit   .     N - +0 helmet
rElec  .         Dismiss  .     w - +0 cloak {rPois}
rCorr  .         Reflect  .     a - +1 pair of gloves {Str+3}
SustAt +         Harm     .     A - +0 pair of boots {run}
MR     ++...                    e - amulet of rage
Stlth  +.........               G - +4 ring of dexterity
                                p - ring of sustain attributes

@: non-regenerating, quick, very resistant to hostile enchantments, very
unstealthy
A: damage resistance, recharge devices, thin skeletal structure 1, blurry vision
1, deterioration 1, negative energy resistance 1, sense surroundings 2, poison
resistance, slow regeneration 3, strong 1
a: Device Recharging, Minor Destruction, Lesser Servant of Makhleb, Major
Destruction, Greater Servant of Makhleb, Renounce Religion, Evoke Berserk Rage,
Evoke Invisibility


You were on level 2 of the Orcish Mines.
You worshipped Makhleb.
Makhleb was exalted by your worship.
You were hungry.

You visited 4 branches of the dungeon, and saw 20 of its levels.
You also visited: Labyrinth, Ice Cave and Volcano.

You collected 2046 gold pieces.
You spent 121 gold pieces at shops.

Inventory:

Hand Weapons
 j - a +4 blowgun
 K - the +4 war axe of the Spider (weapon) {venom, +Inv rN+ Str+6 Stlth-}
   (You found it on level 1 of the Lair of Beasts)

   It poisons the flesh of those it strikes.
   It affects your strength (+6).
   It protects you from negative energy.
   It lets you turn invisible.
   It makes you less stealthy.
 Q - the +9 dagger of Context {elec, Str+3 Int+2 SInv}
   (You found it on level 1 of the Lair of Beasts)

   Occasionally, upon striking a foe, it will discharge some electrical energy
   and cause terrible harm.
   It affects your strength (+3).
   It affects your intelligence (+2).
   It lets you see invisible.
Missiles
 k - 102 poisoned needles
 B - 5 needles of sleeping
Armour
 a - a +1 pair of gloves of strength (worn)
 d - the +6 scale mail "Fulyu" (worn) {rC++ Dex-2 Slay+5}
   (You found it on level 4 of the Dungeon)

   It affects your dexterity (-2).
   It affects your accuracy and damage with ranged weapons and melee attacks
   (+5).
   It greatly protects you from cold.
 l - the +4 pair of boots "Caigopsi" {rElec rF- Int+4 Slay+2}
   (You acquired it on level 8 of the Lair of Beasts)

   It affects your intelligence (+4).
   It affects your accuracy and damage with ranged weapons and melee attacks
   (+2).
   It makes you vulnerable to fire.
   It insulates you from electricity.
 w - a +0 cloak of poison resistance (worn)
 A - a +0 pair of boots of running (worn)
 L - a +2 buckler (worn)
 N - a +0 helmet (worn)
 P - a +0 storm dragon armour
Magical Staves
 u - an uncursed staff of poison
Jewellery
 e - an amulet of rage (around neck)
 p - a ring of sustain attributes (left hand)
 v - an uncursed ring of resist corrosion
 y - an uncursed ring of flight
 C - an uncursed ring of wizardry
 G - a +4 ring of dexterity (right hand)
Wands
 c - a wand of heal wounds (3/9)
 t - a wand of paralysis (3/24)
 R - a wand of digging (11/24)
 Y - a wand of iceblast (1/15)
Scrolls
 f - 8 scrolls of teleportation
 g - 3 scrolls of identify
 q - 4 scrolls of amnesia
 x - 6 scrolls of remove curse
Potions
 b - 2 potions of might
 h - a potion of haste
 i - 3 potions of resistance
 n - a potion of flight
 o - 5 potions of curing
 z - a potion of invisibility
 D - 3 potions of agility
 E - a potion of berserk rage
 O - 2 potions of magic
 U - a potion of heal wounds
 W - 2 potions of lignification
 Z - 2 potions of ambrosia
Comestibles
 m - a meat ration
 r - 20 fruits
 s - 7 bread rations
 F - 9 slices of pizza
 J - 9 beef jerkies


   Skills:
 - Level 17.1 Fighting
 - Level 5.1 Short Blades
 - Level 7.0 Axes
 + Level 7.3 Armour
 + Level 7.9 Dodging
 - Level 3.3 Stealth
 + Level 7.1 Shields
 - Level 1.7 Spellcasting
 - Level 4.3 Necromancy
 - Level 10.4 Invocations
 - Level 13.2 Evocations


You had 16 spell levels left.
You knew the following spells:

 Your Spells              Type           Power        Failure   Level  Hunger
a - Pain                  Necr           ##..         10%         1    ##.....


Dungeon Overview and Level Annotations

Branches:
Dungeon (9/15)             Temple (1/1) D:5            Lair (8/8) D:8
  Swamp (0/4) Lair:6       Spider (0/4) Lair:3        Slime (0/6) Lair:6
    Orc (2/2) D:9             Elf (0/3) Orc:2

Altars:
Ashenzari
Cheibriados
Dithmenos
Elyvilon
Fedhas
Gozag
Kikubaaqudgha
Makhleb
Nemelex Xobeh
Okawaru
Pakellas
Qazlal
Ru
Sif Muna
Trog
Vehumet
Xom
Yredelemnul
Zin
The Shining One
Jiyva

Shops:
D:6 %   D:7 [   Orc:2 *([:

Annotations:
D:4 junkhipster's ghost, amateur FoFi


Innate Abilities, Weirdness & Mutations

You are resistant to damage.
You can recharge devices by infusing magical energy.
You resist negative energy.
You passively map the area around you.
You do not regenerate naturally.
You have a somewhat thin skeletal structure (Dex +2, Stealth).
Scrolls take you a little longer to read.
Your body sometimes deteriorates upon taking damage.
Your system is resistant to poisons.
Your muscles are strong. (Str +2)


Message History

You feel much better.
This wand has 5 charges left.
The ettin hits you with a dire flail!!
* * * LOW HITPOINT WARNING * * *
The ettin hits you with a dire flail!
* * * LOW HITPOINT WARNING * * *
The cyclops barely misses you.
Evoke which item? (* to show all) (? for menu, Esc to quit)
Zapping:
c - a wand of heal wounds (5/9)
Press: ? - help, Shift-Dir - straight line, f - you You feel much better.
This wand has 4 charges left.
The ettin misses you. The ettin hits you but does no damage.
Evoke which item? (* to show all) (? for menu, Esc to quit)
Zapping:
c - a wand of heal wounds (4/9)
Press: ? - help, Shift-Dir - straight line, f - you You feel much better.
This wand has 3 charges left.
The cyclops hits you!!
* * * LOW HITPOINT WARNING * * *
The ettin hits you with a dire flail!!
* * * LOW HITPOINT WARNING * * *
The ettin hits you with a dire flail!
You die...

* ........# ##...........
..........##.#..........
.........#..............
#...........(...........
*.........(((.......<....
#.......................
........(............... *
,........................
,......C@................
,,.....PC†.P..............
,........................
.P.........P......<#.... *
$.....∩.............#...
........P...............
,...P...8................
, ,
#.P....P................
*#.. ,, .................


You could see an ettin and a cyclops.

Vanquished Creatures
  A frost giant (IceCv)
  A stone giant (Orc:2)
  Nessos (Lair:7)
  The ghost of Typee the Destroyer, a journeyman OpCj of Sif Muna (Lair:7)
  2 ettins (Orc:2)
  A minotaur (Lab)
  An ice dragon (Lair:7)
  6 hydras
  16 death yaks
  A hill giant (Volcano)
  3 griffons
  2 orc sorcerers
  An oklob plant (Lair:1)
  An ugly thing (D:8)
  7 cyclopes (Orc:2)
  Joseph (D:8)
  Maurice (Orc:1)
  12 elephants
  2 black mambas
  An ice statue (IceCv)
  7 komodo dragons
  18 spiny frogs
  4 rime drakes
  A spriggan druid (Lair:8)
  2 trolls
  31 polar bears
  5 two-headed ogres
  Prince Ribbit (Lair:2)
  31 blink frogs
  A minotaur skeleton (Lab)
  16 spriggans (Lair:8)
  4 redbacks
  A wraith (D:8)
  56 yaks
  A wyvern (Lair:7)
  A basilisk (Lab)
  8 hippogriffs
  A warg (Orc:2)
  12 water moccasins
  11 orc warriors
  9 porcupines
  2 swamp drakes
  2 ice beasts
  A sky beast (D:8)
  An eye of draining (D:7)
  8 black bears
  2 necrophages (D:7)
  4 wasps
  5 ogres
  51 wolves
  3 centaurs
  12 crocodiles
  3 big kobolds (D:8)
  8 giant frogs
  A gnoll sergeant (D:9)
  A water moccasin zombie (D:7)
  4 scorpions
  4 killer bees (D:7)
  2 crimson imps (D:9)
  A giant frog zombie (D:9)
  12 orc priests
  4 hounds
  2 centaur zombies
  14 orc wizards
  A giant frog skeleton (D:8)
  5 iguanas
  Jessica (D:2)
  6 worker ants
  7 sheep
  A hound zombie (D:7)
  A worker ant zombie (D:7)
  A howler monkey skeleton (D:5)
  8 adders
  7 gnolls
  44 river rats
  An ooze (D:5)
  An adder zombie (D:5)
  2 adder skeletons (D:6)
  2 worms
  2 dart slugs
  3 giant geckos
  53 orcs
  A ball python (D:4)
  6 giant cockroaches
  9 goblins
  7 hobgoblins
  12 jackals
  7 kobolds
  2 quokkas
  10 bats
  7 giant newts
  A jackal skeleton (D:6)
  A quokka skeleton (D:8)
  17 rats
  7 fungi
  A plant (Lair:6)
664 creatures vanquished.

Vanquished Creatures (others)
  An ogre mage (Volcano)
  A wolf (Lair:7)
  An iguana (Lair:6)
  An orc (D:4)
  13 fungi
  A plant (Lair:1)
18 creatures vanquished.

Grand Total: 682 creatures vanquished

Notes
Turn   | Place    | Note
--------------------------------------------------------------
     0 | D:1      | tyranidshit the Deep Dwarf Necromancer began the quest for the Orb.
     0 | D:1      | Reached XP level 1. HP: 15/15 MP: 3/3
     0 | D:1      | Noticed an elf
     0 | D:1      | Noticed a minotaur
     1 | D:1      | Noticed an octopode
     1 | D:1      | Noticed a draconian
     3 | D:1      | Noticed a felid
     3 | D:1      | Noticed an octopode
     5 | D:1      | Noticed a vine stalker
     6 | D:1      | Noticed a draconian
     7 | D:1      | Noticed a formicid
     8 | D:1      | Noticed a draconian
    10 | D:1      | Noticed an elf
    10 | D:1      | Noticed a troll
    12 | D:1      | Noticed a centaur
    14 | D:1      | Noticed an octopode
    14 | D:1      | Noticed a human
    14 | D:1      | Noticed an ogre
    16 | D:1      | Noticed a gargoyle
    16 | D:1      | Noticed a centaur
    20 | D:1      | Noticed an ogre
    82 | D:1      | Reached skill level 1 in Fighting
   234 | D:1      | Reached XP level 2. HP: 17/25 MP: 2/4
   403 | D:1      | Reached skill level 2 in Fighting
   856 | D:2      | Reached XP level 3. HP: 18/33 MP: 5/5
  1071 | D:2      | Noticed Jessica
  1093 | D:2      | Killed Jessica
  1093 | D:2      | Reached skill level 3 in Fighting
  1093 | D:2      | Reached XP level 4. HP: 42/42 MP: 6/6
  1664 | D:3      | Reached skill level 4 in Fighting
  1799 | D:3      | Gained mutation: You have a somewhat thin skeletal structure (Dex +2, Stealth). [potion of mutation]
  1799 | D:3      | Gained mutation: Scrolls take you a little longer to read. [potion of mutation]
  1799 | D:3      | Gained mutation: Your body sometimes deteriorates upon taking damage. [potion of mutation]
  1883 | D:3      | Reached XP level 5. HP: 41/50 MP: 7/7
  2440 | D:4      | Gained mutation: Your muscles are strong. (Str +2) [potion of mutation]
  2440 | D:4      | Gained mutation: Your system is resistant to poisons. [potion of mutation]
  2479 | D:4      | Reached skill level 5 in Fighting
  2508 | D:4      | Got a transparent scale mail
  2519 | D:4      | Identified the +6 scale mail "Fulyu" {rC++ Dex-2 Slay+5} (You found it on level 4 of the Dungeon)
  2571 | D:4      | Reached XP level 6. HP: 61/61 MP: 8/8
  2736 | D:4      | Noticed junkhipster's ghost (amateur FoFi)
  2937 | D:5      | Entered Level 5 of the Dungeon
  2988 | D:5      | Reached skill level 6 in Fighting
  3178 | D:5      | Reached XP level 7. HP: 51/70 MP: 9/9
  3315 | D:5      | Reached skill level 7 in Fighting
  3427 | D:5      | Found a snail-covered altar of Cheibriados.
  3456 | D:5      | Found a staircase to the Ecumenical Temple.
  3461 | Temple   | Entered the Ecumenical Temple
  3641 | D:5      | Found a sacrificial altar of Ru.
  3930 | D:6      | Reached skill level 8 in Fighting
  4017 | D:6      | Found Wikoariw's Food Shoppe.
  4180 | D:6      | Found a sacrificial altar of Ru.
  4310 | D:6      | Reached XP level 8. HP: 82/82 MP: 10/10
  4551 | D:7      | Found Ikaunah's Armour Shop.
  4559 | D:7      | Reached skill level 9 in Fighting
  4567 | D:7      | Bought a +1 hat for 121 gold pieces
  4645 | D:7      | Found a glowing silver altar of Zin.
  4646 | D:7      | Found a glowing golden altar of the Shining One.
  4647 | D:7      | Found a white marble altar of Elyvilon.
  4742 | D:7      | Reached skill level 10 in Fighting
  5052 | D:8      | Gained mutation: You passively map the area around you. [Deep Dwarf growth]
  5052 | D:8      | Reached XP level 9. HP: 84/94 MP: 11/11
  5091 | D:8      | Noticed a three-headed hydra
  5105 | D:8      | Killed a three-headed hydra
  5105 | D:8      | Reached skill level 11 in Fighting
  5225 | D:8      | Reached skill level 12 in Fighting
  5294 | D:8      | Noticed a deep elf mage
  5297 | D:8      | Noticed Joseph
  5299 | D:8      | Noticed a troll
  5300 | D:8      | Noticed a green ugly thing
  5384 | D:8      | Killed a troll
  5494 | D:8      | Killed a green ugly thing
  5494 | D:8      | Reached XP level 10. HP: 109/109 MP: 12/12
  5502 | D:8      | Killed Joseph
  5502 | D:8      | Reached skill level 13 in Fighting
  5680 | D:8      | Reached skill level 1 in Armour
  5797 | D:9      | Reached skill level 1 in Shields
  5829 | D:9      | Found a burning altar of Makhleb.
  5837 | D:9      | Became a worshipper of Makhleb the Destroyer
  6067 | D:9      | Found a stormy altar of Qazlal.
  6445 | D:9      | Found a staircase to the Orcish Mines.
  6458 | D:9      | Reached * piety under Makhleb
  6689 | D:8      | Found a staircase to the Lair.
  6718 | Lair:1   | Entered Level 1 of the Lair of Beasts
  6936 | Lair:1   | Reached skill level 5 in Dodging
  6997 | Lair:1   | Noticed a spiny frog
  7014 | Lair:1   | HP: 5/110 [spiny frog (18)]
  7015 | Lair:1   | HP: 2/110 [spiny frog (3)]
  7023 | Lair:1   | Killed a spiny frog
  7231 | Lair:1   | Noticed an oklob plant
  7237 | Lair:1   | Got an ichor-stained dagger
  7251 | Lair:1   | Identified the +9 dagger of Context {elec, Str+3 Int+2 SInv} (You found it on level 1 of the Lair of Beasts)
  7284 | Lair:1   | Noticed a four-headed hydra
  7294 | Lair:1   | Killed a four-headed hydra
  7294 | Lair:1   | Reached ** piety under Makhleb
  7294 | Lair:1   | Reached skill level 5 in Armour
  7294 | Lair:1   | Reached XP level 11. HP: 55/117 MP: 12/12
  7440 | Lair:1   | Reached skill level 5 in Shields
  7990 | Lair:2   | Noticed Prince Ribbit
  8009 | Lair:2   | Killed Prince Ribbit
  8057 | Lair:2   | Reached skill level 1 in Invocations
  8057 | Lair:2   | Reached skill level 1 in Evocations
  8130 | Lair:2   | Reached *** piety under Makhleb
  8674 | Lair:3   | Noticed a griffon
  8683 | Lair:3   | Killed a griffon
  8683 | Lair:3   | Reached skill level 5 in Invocations
  8683 | Lair:3   | Reached skill level 5 in Evocations
  8899 | Lair:3   | Reached XP level 12. HP: 100/126 MP: 15/15
  8920 | Lair:3   | Reached **** piety under Makhleb
  9194 | Lair:3   | Found a hole to the Spider Nest.
  9716 | Lair:4   | Got a twisted whip
  9717 | Lair:4   | Identified the +6 whip of Karma {speed, rC++} (You found it on level 4 of the Lair of Beasts)
  9852 | Lair:4   | Found a dark tunnel.
  9860 | Volcano  | Entered a volcano
  9987 | Volcano  | Noticed an ogre mage
  9998 | Volcano  | Killed an ogre mage
 10424 | Lair:5   | Reached skill level 10 in Invocations
 10487 | Lair:5   | Reached skill level 10 in Evocations
 10563 | Lair:5   | Reached ***** piety under Makhleb
 10760 | Lair:5   | Got a crude leather armour
 10771 | Lair:5   | Identified the +1 leather armour of Borecuon {rElec rF- rN+ SInv} (You found it on level 5 of the Lair of Beasts)
 10870 | Lair:5   | Noticed a six-headed hydra
 10878 | Lair:5   | Killed a six-headed hydra
 11459 | Lair:6   | Reached skill level 14 in Fighting
 11559 | Lair:6   | Noticed an eight-headed hydra
 11575 | Lair:6   | Killed an eight-headed hydra
 11627 | Lair:6   | Reached XP level 13. HP: 47/135 MP: 19/19
 11677 | Lair:6   | Reached skill level 1 in Short Blades
 11777 | Lair:6   | Found a staircase to the Swamp.
 12112 | Lair:6   | Reached skill level 5 in Short Blades
 12200 | Lair:6   | Found a viscous altar of Jiyva.
 12201 | Lair:6   | Found a staircase to the Slime Pits.
 12439 | Lair:7   | Noticed Typee's ghost (journeyman OpCj)
 12455 | Lair:7   | Killed Typee's ghost
 12564 | Lair:7   | Noticed Nessos
 12617 | Lair:7   | Killed Nessos
 12622 | Lair:7   | Found a deep blue altar of Sif Muna.
 12758 | Lair:7   | Found a frozen archway.
 12804 | IceCv    | Entered an ice cave
 12946 | IceCv    | Reached ****** piety under Makhleb
 12954 | IceCv    | Reached skill level 1 in Axes
 13039 | IceCv    | Gained mutation: You resist negative energy. [Deep Dwarf growth]
 13039 | IceCv    | Reached XP level 14. HP: 141/145 MP: 22/22
 13195 | IceCv    | Reached skill level 15 in Fighting
 13269 | IceCv    | Reached skill level 5 in Axes
 13271 | IceCv    | Noticed a frost giant
 13280 | IceCv    | Killed a frost giant
 13955 | Lair:8   | Entered Level 8 of the Lair of Beasts
 14122 | Lair:8   | Identified a scroll of acquirement
 14327 | Lair:8   | Reached skill level 16 in Fighting
 14462 | Lair:8   | HP: 5/151 [death yak (15)]
 14522 | Lair:8   | Got a pair of twisted boots
 14533 | Lair:8   | Identified the +4 pair of boots "Caigopsi" {rElec rF- Int+4 Slay+2} (You acquired it on level 8 of the Lair of Beasts)
 15096 | Lair:8   | Reached skill level 17 in Fighting
 15104 | Lair:8   | Reached XP level 15. HP: 74/160 MP: 22/22
 15455 | Lair:1   | Got a crystal war axe
 15456 | Lair:1   | Identified the +4 war axe of the Spider {venom, +Inv rN+ Str+6 Stlth-} (You found it on level 1 of the Lair of Beasts)
 15538 | Orc:1    | Entered Level 1 of the Orcish Mines
 15538 | Orc:1    | Noticed Maurice
 15543 | Orc:1    | Killed Maurice
 16064 | Orc:2    | Entered Level 2 of the Orcish Mines
 16081 | Orc:2    | Found Vaaroraol's Book Shoppe.
 16207 | Orc:2    | Found Goeth's General Store.
 16265 | Orc:2    | Found a staircase to the Elven Halls.
 16284 | Orc:2    | Found Ceseo's Antique Weapon Emporium.
 16436 | Orc:2    | Found a labyrinth entrance.
 16448 | Lab      | Entered a labyrinth
 16767 | Lab      | Found an exit through the horrors of the Abyss.
 17295 | Lab      | Identified a +0 pair of boots of running (You found it in a labyrinth)
 17392 | Orc:2    | Found Zuehutee's Antique Armour Boutique.
 17404 | Orc:2    | HP: 7/160 [ettin/dire flail (30)]
 17406 | Orc:2    | Slain by an ettin

Skill      XL: |  1  2  3  4  5  6  7  8  9 10 11 12 13 14 15 |
---------------+----------------------------------------------+-----
Fighting       | 1 2 3 4 5 6 8 10 12 13 14 17 | 17.1
Armour         | 5 6 7 |  7.3
Shields        | 4 6 7 |  7.1
Dodging        | 5 7 |  7.9
Invocations    | 6 10 | 10.4
Evocations     | 6 10 13 | 13.2
Short Blades   | 5 |  5.1
Axes           | 3 6 7 |  7.0
Stealth        | 3 |  3.3
Spellcasting   | |  1.7
Necromancy     | |  4.3

Action                   |  1- 3 |  4- 6 |  7- 9 | 10-12 | 13-15 || total
-------------------------+-------+-------+-------+-------+-------++-------
Melee: Unarmed           |     9 |       |       |       |       ||     9
       Dagger            |    27 |       |       |   536 |  1114 ||  1677
       Short sword       |    42 |   246 |   458 |   463 |       ||  1209
       War axe           |       |       |       |       |   124 ||   124
 Cast: Pain              |    31 |       |       |       |       ||    31
 Abil: Evoke Berserk Rag |       |       |     2 |     2 |     1 ||     5
       Device Recharging |       |       |       |     1 |     3 ||     4
Evoke: Wand              |       |     1 |     7 |    11 |    27 ||    46
  Use: Scroll            |     7 |     5 |     5 |    15 |    12 ||    44
       Potion            |     3 |     6 |     5 |       |     1 ||    15
 Stab: Sleeping          |     1 |     1 |     1 |     5 |     1 ||     9
       Confused          |       |       |       |     1 |       ||     1
       Paralysed         |       |       |       |       |     4 ||     4
  Eat: Bread ration      |     2 |       |       |       |       ||     2
       Meat ration       |       |     1 |     2 |     4 |     4 ||    11
       Beef jerky        |       |       |     2 |       |       ||     2
Armor: Robe              |     5 |       |       |       |       ||     5
       Ring mail         |     5 |       |       |       |       ||     5
       Leather armour    |    19 |    42 |       |       |       ||    61
       Scale mail        |       |   116 |   339 |   635 |   732 ||  1822
Dodge: Dodged            |    46 |   197 |   290 |   852 |  1081 ||  2466
Block: Shield            |       |       |    84 |       |       ||    84
       Buckler           |       |       |    67 |   560 |   662 ||  1289
